Map: [ESL] Alcyone

Players

Coffee

  • Race: Terran Terran
  • Spawn Location: 1:00

XYXY (XY) - Winner!

  • Race: Terran Terran
  • Spawn Location: 7:00

Event: ESL SC2 Masters 2023 Winter (Regional)

VOD

Have the link to the VOD?

Description

Time

  • Played on: Oct. 28, 2023, 8:52 a.m.
  • Length: 10:47

All games in this series

Show
View Real Time Build Order
Export as new Build Order

Coffee Terran 

Build Orders: Cyclone Opening 

Get SALT Encoding   

  12  0:00  SCV  
  13  0:12  SCV  
  14  0:17  Supply Depot  
  14  0:24  SCV  
  15  0:38  SCV  
  15  0:39  Barracks  
  16  0:42  Refinery  
  16  0:50  SCV  
  16  0:52  Refinery  
  17  1:02  SCV  
  18  1:15  SCV  
  19  1:27  Orbital Command, Reaper  
  20  1:33  Supply Depot  
  20  1:42  Factory  
  21  1:54  SCV  
  21  1:59  Reaper  
  22  2:06  SCV  
  23  2:18  SCV  
  23  2:21  Command Center  
  24  2:28  Cyclone  
  26  2:31  SCV  
  26  2:34  Barracks Reactor  
  27  2:45  Supply Depot  
  27  2:47  SCV  
  28  2:53  Starport  
  28  2:59  SCV  
  28  3:01  Factory Tech Lab  
  29  3:11  SCV, Marine x2  
  32  3:24  SCV  
  32  3:26  Factory Tech Lab  
  33  3:29  Marine x2  
  33  3:33  Orbital Command, Refinery  
  35  3:36  Raven  
  35  3:40  Interference Matrix, SCV  
  38  3:47  Marine x2  
  40  3:52  SCV  
  41  3:56  Supply Depot  
  41  4:00  SCV  
  41  4:01  Siege Tank  
  45  4:09  SCV  
  46  4:12  SCV  
  46  4:15  Marine x2, Supply Depot  
  49  4:20  Refinery  
  49  4:21  Raven, SCV  
  52  4:26  SCV  
  53  4:33  SCV  
  53  4:36  Starport  
  53  4:38  SCV  
  54  4:40  Marine x2  
  54  4:45  SCV  
  57  4:47  Siege Tank  
  57  4:50  SCV  
  61  4:57  SCV  
  62  5:11  Supply Depot  
  62  5:17  Supply Depot  
  62  5:20  Viking x2  
  66  5:24  Liberator  
  66  5:27  SCV  
  70  5:32  SCV  
  71  5:35  Supply Depot  
  71  5:39  Siege Tank  
  74  5:47  Supply Depot  
  74  5:48  SCV x2  
  76  6:00  Viking x2  
  80  6:07  SCV  
  73  6:19  Viking  
  73  6:24  SCV  
  72  6:27  Siege Tank  
  72  6:30  Viking x2, SCV  
  80  6:36  SCV  
  81  6:45  Command Center  
  81  6:51  Viking  
  83  6:59  Siege Tank  
  83  7:00  Viking  
  88  7:02  Viking  
  90  7:09  SCV  
  90  7:11  Stimpack, SCV  
  90  7:15  Supply Depot  
  91  7:24  Viking  
  93  7:30  Viking  
  93  7:32  Viking  
  79  7:54  Viking  
  79  8:00  Viking, Siege Tank  
  79  8:02  SCV x2  
  79  8:03  Orbital Command  
  82  8:23  SCV x2  
  82  8:24  Viking  
  82  8:26  Viking  
  88  8:32  Siege Tank  
  86  8:44  SCV x2  
  87  8:52  Orbital Command  
  87  8:53  Combat Shield  
  87  8:55  Barracks  
  82  8:56  Barracks, SCV x2  
  84  9:05  Marine  
  84  9:06  Siege Tank  
  84  9:08  SCV x2  
  84  9:09  Viking x2  
  91  9:20  SCV x2  
  87  9:28  Viking  
  81  9:34  SCV  
  81  9:35  SCV  
  81  9:37  SCV  
  75  9:39  Viking  
  71  9:46  SCV  
  71  9:47  SCV  
  71  9:54  SCV  
  71  9:59  SCV x2  
  74  10:06  SCV  
  64  10:11  Barracks Reactor x2, SCV x2  
  66  10:18  SCV  
  67  10:21  Marine  
  67  10:23  SCV x2  
  70  10:30  SCV  
  70  10:35  SCV x2  
Show
View Real Time Build Order
Export as new Build Order

XYXY Terran - Winner!

Build Orders: Cyclone Opening 

Get SALT Encoding   

  12  0:00  SCV  
  13  0:12  SCV  
  14  0:17  Supply Depot  
  14  0:24  SCV  
  15  0:39  Barracks, SCV  
  16  0:45  Refinery  
  16  0:51  SCV  
  16  0:54  Refinery  
  17  1:03  SCV  
  18  1:15  SCV  
  19  1:26  Reaper  
  19  1:27  Orbital Command  
  19  1:30  Supply Depot  
  20  1:42  Factory  
  20  1:52  SCV  
  21  1:58  Reaper  
  22  2:04  SCV  
  23  2:16  SCV  
  23  2:19  Command Center  
  24  2:25  Cyclone  
  24  2:29  SCV  
  27  2:31  Barracks Reactor  
  27  2:40  Supply Depot  
  27  2:41  SCV  
  28  2:49  Starport  
  28  2:53  SCV  
  28  2:57  Factory Tech Lab  
  29  3:05  SCV  
  30  3:11  Marine x2, Refinery  
  32  3:17  SCV  
  32  3:19  Siege Tank  
  36  3:29  SCV  
  36  3:32  Orbital Command  
  37  3:35  Medivac  
  37  3:37  Marine  
  37  3:39  Marine  
  41  3:42  SCV  
  42  3:52  Siege Tank  
  42  3:54  SCV  
  46  3:56  Marine x2  
  46  3:59  SCV  
  49  4:05  Supply Depot  
  47  4:12  Starport Tech Lab  
  47  4:14  SCV x2, Marine x2  
  51  4:24  Siege Tank  
  51  4:27  SCV x2  
  56  4:32  Marine x2  
  56  4:33  Raven  
  56  4:36  Interference Matrix  
  60  4:39  SCV x2  
  60  4:41  Supply Depot  
  62  5:02  SCV, Marine x2  
  62  5:05  SCV  
  66  5:08  Siege Tank  
  66  5:11  Supply Depot  
  66  5:14  Command Center, SCV  
  69  5:19  Refinery  
  70  5:21  SCV, Marine x2  
  70  5:23  Raven  
  70  5:26  SCV  
  70  5:27  Supply Depot  
  76  5:33  SCV  
  76  5:39  Marine x2, SCV  
  76  5:40  Siege Tank  
  82  5:46  SCV  
  83  5:51  SCV  
  83  5:55  Barracks  
  83  5:56  Barracks  
  84  5:57  Marine x2  
  84  5:58  Raven  
  88  6:06  SCV x2  
  90  6:12  Siege Tank  
  90  6:15  Marine  
  83  6:26  SCV x2  
  83  6:27  Orbital Command  
  85  6:34  Engineering Bay x2  
  85  6:38  SCV  
  85  6:39  SCV  
  87  6:44  Siege Tank  
  90  6:47  Viking  
  90  6:48  Viking  
  90  6:51  Barracks Reactor, SCV x2  
  90  6:52  Barracks Reactor  
  96  7:00  SCV  
  97  7:03  Stimpack, SCV x2, Marine  
  97  7:07  Barracks  
  99  7:13  SCV  
  99  7:15  Terran Infantry Weapons Level 1, Terran Infantry Armor Level 1, SCV x2  
  102  7:21  Marine  
  103  7:25  SCV  
  103  7:27  Viking, SCV x2  
  103  7:29  Barracks  
  108  7:36  Viking, Siege Tank, Supply Depot  
  113  7:42  Marine x2  
  100  7:54  Marine  
  100  7:55  SCV x2  
  100  7:57  Marine  
  100  7:58  Marine  
  95  8:00  Viking, Marine  
  97  8:06  Viking  
  97  8:07  SCV  
  97  8:09  Siege Tank  
  97  8:10  Marine  
  97  8:12  Marine  
  105  8:18  Missile Turret x2  
  107  8:21  Marine  
  107  8:24  Marine x3  
  109  8:34  Command Center  
  109  8:36  Viking  
  109  8:40  Viking  
  110  8:41  Marine  
  104  8:50  Combat Shield, Barracks Reactor x2  
  104  8:55  Armory  
  104  8:57  SCV x2  
  104  8:59  Sensor Tower  
  106  9:05  Siege Tank  
  106  9:09  SCV  
  110  9:25  Marine  
  110  9:27  Supply Depot  
  110  9:28  Marine x2  
  110  9:29  Marine x2  
  110  9:30  Medivac, Supply Depot  
  110  9:34  SCV x2  
  110  9:38  Supply Depot  
  109  9:39  Medivac, Supply Depot  
  109  9:40  Marine  
  110  9:46  Siege Tank, SCV  
  110  9:48  Marine  
  110  9:51  Orbital Command  
  115  9:53  Refinery x2  
  115  9:59  Marine x3  
  112  10:00  Marine x2  
  100  10:07  Marine x2  
  100  10:12  Medivac  
  104  10:15  Medivac  
  104  10:16  Marine x2  
  104  10:20  Marine x3  
  114  10:22  Marine  
  114  10:23  Marine  
  114  10:24  Marine  
  114  10:25  Marine  
Tags
 
Add a new tag
Caveats
  • Supply blocks, unpowered buildings, or Contaminate may cause inaccurate times.
  • Supply counts are checked every 10 seconds.